 Dungeon Crawl Stone Soup version 0.30-b1-5-g8e6c1be481 (webtiles) character file.

Game seed: 5115734488206965131

924 Exaltedone87 the Cudgeller (level 7, 0/53 HPs)
             Began as a Demonspawn Gladiator on May 4, 2023.
             Was an Initiate of Makhleb.
             Slain by an orc
             ... wielding a +0 trident
              (6 damage)
             ... on level 5 of the Dungeon on May 5, 2023.
             The game lasted 00:09:35 (4554 turns).

Exaltedone87 the Cudgeller (Demonspawn Gladiator)   Turns: 4554, Time: 00:09:35

Health: 0/53       AC: 12    Str: 17    XL:     7   Next: 84%
Magic:  8/8        EV: 10    Int:  9    God:    Makhleb [......]
Gold:   266        SH:  0    Dex: 18    Spells: 6/6 levels left

rFire   . . .        a - +0 flail
rCold   . . .        (no shield)
rNeg    . . .        g - +0 chain mail
rPois   .            c - +0 helmet
rElec   .            (no cloak)
rCorr   .            (no gloves)
SInv    .            o - +1 pair of boots
Will    .....        (no amulet)
Stlth   +            (no ring)
HPRegen 0.28/turn    (no ring)
MPRegen 0.22/turn

%: no passive effects
@: no status effects
A: thin skeletal structure 2, magic regeneration
a: Renounce Religion


You were on level 5 of the Dungeon.
You worshipped Makhleb.
Makhleb was noncommittal.
You visited 2 branches of the dungeon, and saw 6 of its levels.

You collected 266 gold pieces.

Inventory:

Hand Weapons
 a - a +0 flail (weapon)
Missiles
 d - 3 throwing nets (quivered)
 e - a javelin
Armour
 b - a +0 leather armour
 c - a +0 helmet (worn)
 g - a +0 chain mail (worn)
 o - a +1 pair of boots (worn)
Jewellery
 k - a +6 ring of strength
Wands
 f - a wand of iceblast (3)
 p - a wand of polymorph (8)
Scrolls
 h - 2 scrolls of teleportation
 i - 3 scrolls of identify
 l - a scroll of brand weapon {unknown}
 q - a scroll of silence
 r - a scroll of vulnerability {unknown}
 s - a scroll of poison {unknown}
 t - a scroll of blinking
Potions
 j - 2 potions of might
 m - 2 potions of curing
 n - a potion of mutation


   Skills:
 + Level 3.8 Fighting
 * Level 5.2 Maces & Flails
 - Level 3.2 Throwing
 + Level 2.7 Armour
 + Level 5.0 Dodging
 + Level 1.4 Invocations


You had 6 spell levels left.
You didn't know any spells.
Your spell library contained the following spells:

 Spells                   Type           Power      Damage    Failure   Level
 Blink                    Tloc           0%         N/A       100%        2
 Cigotuvi's Dreadful Rot  Necr/Pois/Air  0%         N/A       100%        2
 Lesser Beckoning         Tloc           0%         N/A       100%        2
 Momentum Strike          Conj/Tloc      0%         3d8       100%        2
 Dispel Undead            Necr           0%         3d6       100%        4
 Death Channel            Necr           0%         N/A       100%        6


Dungeon Overview and Level Annotations

Branches:
Dungeon (5/15)             Temple (1/1) D:5

Altars:
Ashenzari
Cheibriados
Dithmenos
Fedhas
Gozag
Hepliaklqana
Kikubaaqudgha
Makhleb
Okawaru
Qazlal
Ru
Uskayaw
Wu Jian
Xom
Yredelemnul

Shops:
D:1 !*(


Innate Abilities, Weirdness & Mutations

You have a moderately thin skeletal structure. (Dex +4, Stealth++)
You regenerate magic rapidly.


Message History

The orc priest hits you but does no damage.
The orc hits you with a +0 trident.
* * * LOW HITPOINT WARNING * * *
You barely miss the orc priest.
The orc priest is almost dead.
The orc priest hits you with a +0 club.
* * * LOW HITPOINT WARNING * * *
The orc misses you.
Okay, then.
You feel better. The orc priest hits you with a +0 club.
* * * LOW HITPOINT WARNING * * *
The orc misses you.
You closely miss the orc priest.
The orc priest is almost dead.
The orc priest hits you but does no damage.
The orc hits you with a +0 trident.
* * * LOW HITPOINT WARNING * * *
You hit the orc priest but do no damage.
The orc priest is almost dead.
The orc closely misses you.
The orc priest hits you but does no damage.
You completely miss the orc priest.
The orc priest is almost dead.
The orc priest invokes the aid of Beogh against you.
Pain shoots through your body!
* * * LOW HITPOINT WARNING * * *
The orc hits you but does no damage.
You barely miss the orc priest.
The orc priest is almost dead.
The orc priest hits you but does no damage.
The orc barely misses you.
You hit the orc priest.
The orc priest is almost dead.
The orc priest looks satisfied for a moment.
The orc barely misses you.
You hit the orc priest.
You kill the orc priest!
Makhleb accepts your kill. The orc hits you but does no damage.
The orc hits you with a +0 trident.
You die...

######. .....#. .#
....... # ..
....#.. .# .# .$...
$. +###...###.##
............#
#.....###+## #
#...o@)#...#
.......#)#...#+#
#####
######.#.......#
+...+
..###...#####...###
##. +...')#......†#
#+ #####.#+#...#'#
#.....#...#..
+.....##'##..
#.....#...#..


You could see an orc.

Vanquished Creatures
  A black bear (D:4)
  An ogre (D:5)
  3 phantoms
  A jelly (D:5)
  2 scorpions
  A water moccasin zombie (D:4)
  A bullfrog zombie (D:4)
  2 hounds
  An orc priest (D:5)
  An iguana (D:4)
  An orc wizard (D:3)
  A howler monkey skeleton (D:4)
  3 adders
  An adder zombie (D:4)
  2 adder skeletons (D:4)
  2 dart slugs (D:1)
  6 orcs
  10 endoplasms
  3 giant cockroaches
  15 hobgoblins
  6 jackals
  2 quokkas (D:1)
  11 ball pythons
  6 bats
  3 frilled lizards
  10 goblins
  6 kobolds
  4 rats
106 creatures vanquished.

Vanquished Creatures (others)
  5 withered plants (D:4)
5 creatures vanquished.

Grand Total: 111 creatures vanquished

Notes
Turn   | Place    | Note
-------+----------+-------------------------------------------
     0 | D:1      | Exaltedone87 the Demonspawn Gladiator began the quest for
                  | the Orb.
     0 | D:1      | Reached XP level 1. HP: 16/16 MP: 1/1
    75 | D:1      | Gained mutation: You have a somewhat thin skeletal
                  | structure. (Dex +2, Stealth+) [demonic ancestry]
    75 | D:1      | Reached XP level 2. HP: 16/22 MP: 2/2
   171 | D:1      | Found Poibb's Magic Scroll Shop.
   215 | D:1      | Found Emari's Distillery.
   539 | D:1      | Reached XP level 3. HP: 27/27 MP: 3/3
   570 | D:1      | Found Serudoli's Weapon Emporium.
   629 | D:1      | Found Ituomud's Assorted Antiques.
  1631 | D:2      | You fall into a shaft and drop 2 floors!
  1660 | D:4      | Noticed a phantom
  1699 | D:4      | Noticed a black bear
  1810 | D:2      | Reached XP level 4. HP: 34/34 MP: 4/4
  2200 | D:3      | Reached skill level 1 in Armour
  2797 | D:3      | Found a sacrificial altar of Ru.
  3089 | D:4      | Reached XP level 5. HP: 17/39 MP: 5/5
  3213 | D:4      | Killed a black bear
  3265 | D:4      | Noticed a phantom
  3278 | D:4      | Killed a phantom
  3279 | D:4      | Gained mutation: You have a moderately thin skeletal
                  | structure. (Dex +4, Stealth++) [demonic ancestry]
  3279 | D:4      | Reached XP level 6. HP: 26/47 MP: 6/6
  3606 | D:4      | Gained mutation: You regenerate magic rapidly. [demonic
                  | ancestry]
  3606 | D:4      | Reached XP level 7. HP: 33/52 MP: 7/7
  3945 | D:5      | Entered Level 5 of the Dungeon
  4024 | D:5      | Found a staircase to the Ecumenical Temple.
  4029 | Temple   | Entered the Ecumenical Temple
  4127 | Temple   | Became a worshipper of Makhleb the Destroyer
  4321 | D:5      | Reached skill level 5 in Maces & Flails
  4369 | D:5      | Reached skill level 5 in Dodging
  4369 | D:5      | Reached skill level 1 in Invocations
  4554 | D:5      | Slain by an orc

Illustrated notes

Levels and vault maps discovered:
D:1:      lightli_arrival_isolated_outpost, layout_basic, serial_shops, shop,
          nicolae_shop_tiny_statue_garden, shop,
          nicolae_shop_tiny_real_fake_doors, minmay_indecisive_spiral
D:2:      layout_basic, serial_corexii_hall, corexii_hall_statues_l,
          corexii_hall_statues_i
D:3:      cheibrodos_greedy_goblins, layout_basic, mainiacjoe_overflow_paths
D:4:      layout_gridville, serial_undead, serial_undead_a, serial_undead_b,
          serial_undead_b, serial_undead_d, dk_noncrumbling_4
D:5:      nicolae_cairo_tiling_large, layout_basic, temple_doors_e,
          portal_sewer_entry_e, uniq_blork_the_orc
Temple:   minmay_temple_bridge_d

Skill      XL: |  1  2  3  4  5  6  7 |
---------------+----------------------+-----
Dodging        | 3 4 5 |  5.0
Maces & Flails | 3 4 5 |  5.2
Throwing       | 2 3 |  3.2
Armour         | 1 2 |  2.7
Fighting       | 3 |  3.8
Invocations    | 1 |  1.4

Action                     |  1- 3 |  4- 6 |  7- 9 || total
---------------------------+-------+-------+-------++-------
  Melee: Flail             |   108 |   209 |    91 ||   408
         Punch             |     1 |     3 |     1 ||     5
    Use: Scroll            |     2 |     5 |     2 ||     9
         Potion            |       |     2 |     1 ||     3
   Stab: Sleeping          |     7 |       |     1 ||     8
         Distracted        |       |     1 |       ||     1
 Armour: Leather armour    |    39 |    86 |    12 ||   137
         Chain mail        |       |       |    39 ||    39
  Dodge: Dodged            |    89 |   175 |    67 ||   331
